 Dungeon Crawl Stone Soup version 0.30.0-5-g1a98f26d00 (webtiles) character file.

Game seed: 3028000536433265239

113 SnakkuSnakku7 the Trooper (level 4, -2/52 HPs)
             Began as an Ogre Delver on May 10, 2023.
             Slain by a river rat (5 damage)
             ... in a sewer.
             The game lasted 00:03:26 (912 turns).

SnakkuSnakku7 the Trooper (Ogre Delver)              Turns: 912, Time: 00:03:27

Health: -2/52      AC:  3    Str: 16    XL:     4   Next: 96%
Magic:  4/4        EV: 10    Int: 11    God:
Gold:   25         SH:  0    Dex: 12    Spells: 3/3 levels left

rFire   . . .        a - +0 mace
rCold   . . .        (no shield)
rNeg    . . .        b - +0 robe
rPois   .            (helmet restricted)
rElec   .            (no cloak)
rCorr   .            (gloves unavailable)
SInv    +            (boots unavailable)
Will    .....        (no amulet)
Stlth   ++           d - ring of see invisible
HPRegen 0.28/turn    (no ring)
MPRegen 0.09/turn

%: no passive effects
@: no status effects
A: large, unfitting armour, tough skin 1
a: no special abilities


You were in a sewer.
You visited 1 branch of the dungeon, and saw 3 of its levels.
You also visited: Sewer.

You collected 25 gold pieces.

Inventory:

Hand Weapons
 a - a +0 mace (weapon)
Armour
 b - a +0 robe (worn)
Jewellery
 d - a ring of see invisible (left hand)
Wands
 g - a wand of digging (1)
Scrolls
 c - a scroll of fog
 f - a scroll of immolation {unknown}
 i - a scroll of enchant weapon {unknown}
 m - a scroll of enchant armour {unknown}
Potions
 h - a potion of berserk rage {unknown}
 k - a potion of curing
 l - a potion of mutation {unknown}
 n - a potion of resistance {unknown}


   Skills:
 + Level 5.8 Fighting
 + Level 3.3 Maces & Flails
 - Level 1.7 Dodging
 - Level 3.7 Stealth


You had 3 spell levels left.
You didn't know any spells.
Your spell library was empty.

Dungeon Overview and Level Annotations

Branches:
Dungeon (5/15)              Sewer (1/1)
 Temple: D:4-7

Altars:
Nemelex Xobeh

Annotations:
D:5 2 runed translucent doors


Innate Abilities, Weirdness & Mutations

You are too large for most types of armour.
You have tough skin. (AC +1)


Message History

You closely miss the river rat. The river rat bites you!
You closely miss the river rat.
The river rat twitches its whiskers.
The river rat bites you.
You barely miss the river rat. The river rat bites you.
You hit the river rat but do no damage. The river rat bites you.
The river rat closely misses you.
You barely miss the river rat. The river rat bites you.
You are too injured to fight recklessly!
You are too injured to fight recklessly!
You are too injured to fight recklessly!
You hit the river rat but do no damage. The river rat bites you.
You hit the river rat.
The river rat is heavily wounded.
The river rat bites you!
You hit the river rat but do no damage.
The river rat is heavily wounded.
The river rat bites you.
You barely miss the river rat.
The river rat is heavily wounded.
The river rat misses you. The river rat bites you!
* * * LOW HITPOINT WARNING * * *
You hit the river rat.
The river rat is severely wounded.
The river rat completely misses you.
You hit the river rat but do no damage.
The river rat is severely wounded.
The river rat bites you!
* * * LOW HITPOINT WARNING * * *
Unknown command.
You barely miss the river rat.
The river rat is severely wounded.
The river rat bites you but does no damage.
You closely miss the river rat.
The river rat is severely wounded.
The river rat barely misses you. The river rat closely misses you.
You closely miss the river rat.
The river rat is severely wounded.
The river rat bites you.
You die...

### ##### ########
##.###PPP####.PP...#
#......P.~##.~P....≈
###~#P...~.~~..PP..≈
#~#P~~~...~.#~#...
#@#.~~~~~~~.#~#.∩.
#r######~.~.#~#.∩.
#~# ~~~.###~#... #~#
###~.# #~#.P# #~#
..## #~#P.~ #~# ~.~#
~##.# ### .~~# #P.
##. ##


You could see a river rat.

Vanquished Creatures
  A hound (D:3)
  5 adders
  2 river rats (D:3)
  An ufetubus (D:5)
  An endoplasm (D:3)
  A goblin (D:3)
  A hobgoblin (D:3)
  2 jackals (D:3)
  2 kobolds
  2 ball pythons
  A bat (D:3)
  5 rats
24 creatures vanquished.

Notes
Turn   | Place    | Note
-------+----------+-------------------------------------------
     0 | D:5      | SnakkuSnakku7 the Ogre Delver began the quest for the Orb.
     0 | D:5      | Reached XP level 1. HP: 24/24 MP: 1/1
    16 | D:5      | Reached XP level 2. HP: 33/33 MP: 2/2
    81 | D:5      | Found a large runed translucent door.
    82 | D:5      | Found a large runed translucent door.
   296 | D:3      | Found a sparkling altar of Nemelex Xobeh.
   371 | D:3      | Reached XP level 3. HP: 28/41 MP: 3/3
   445 | D:3      | Reached skill level 5 in Fighting
   466 | D:3      | Reached XP level 4. HP: 11/50 MP: 4/4
   666 | D:3      | HP: 2/52 [river rat (7)]
   692 | D:3      | Found a glowing drain.
   700 | Sewer    | Entered a sewer
   909 | Sewer    | HP: 2/52 [river rat (8)]
   912 | Sewer    | Slain by a river rat

Illustrated notes

Levels and vault maps discovered:
D:3:      minmay_razor_zed, layout_basic,
          mainiacjoe_overflow_concentric_impassable, lightli_sewer_entry_pipes
D:4:      cheibrodos_greedy_goblins, layout_basic, kennysheep_nub,
          hangedman_decor_opposing
D:5:      layout_loops_cross, nicolae_overflow_crystal_walls,
          jmf_multi_god_temple2
Sewer:    sewer_co_scattered_pipes

Skill      XL: |  1  2  3 |
---------------+----------+-----
Maces & Flails | 2 3 |  3.3
Fighting       | 5 |  5.8
Dodging        | |  1.7
Stealth        | |  3.7

Action                     |  1- 3 |  4- 6 || total
---------------------------+-------+-------++-------
  Melee: Mace              |    63 |    74 ||   137
         Punch             |     1 |       ||     1
  Evoke: Wand              |     2 |       ||     2
    Use: Potion            |     1 |     3 ||     4
         Scroll            |     1 |     1 ||     2
   Stab: Sleeping          |     2 |     3 ||     5
 Armour: Robe              |    22 |    13 ||    35
  Dodge: Dodged            |    49 |    32 ||    81
